 Dungeon Crawl Stone Soup version 0.19-a0-1899-g2d93087 (webtiles) character file.

79 Lochraine the Chiller (level 4, -3/21 HPs)
             Began as a Vine Stalker Ice Elementalist on Oct 20, 2016.
             Slain by an ogre
             ... wielding a +0 giant club
              (24 damage)
             ... on level 4 of the Dungeon.
             The game lasted 00:06:16 (2540 turns).

Lochraine the Chiller (VSIE)                        Turns: 2540, Time: 00:06:17

Health: -3/21      AC:  2    Str: 10    XL:     4   Next: 37%
Magic:  0/9        EV: 12    Int: 16    God:
Gold:   202        SH:  0    Dex: 15    Spells: 3 memorised, 3 levels left

rFire  . . .     SeeInvis .     f - +0 hunting sling
rCold  . . .     Gourm    .     a - +0 robe
rNeg   . . .     Faith    .     (no shield)
rPois  .         Spirit   +     (no helmet)
rElec  .         Reflect  .     (no cloak)
rCorr  .         Harm     .     (no gloves)
MR     .....                    (no boots)
Stlth  ++........               (no amulet)
                                (no ring)
                                (no ring)

@: very slightly contaminated
A: fangs 2, regeneration 1, magic shield, antimagic bite, no device heal 3, rot
immunity
a: no special abilities


You were on level 4 of the Dungeon.
You were very hungry.

You visited 1 branch of the dungeon, and saw 4 of its levels.

You collected 202 gold pieces.

Inventory:

Hand Weapons
 f - a +0 hunting sling (weapon)
 p - a +0 long sword
 x - a +3 dagger of venom
Missiles
 g - 63 stones (quivered)
 u - 21 sling bullets
Armour
 a - a +0 robe (worn)
Jewellery
 j - an uncursed ring of protection from magic {unknown}
 q - an uncursed ring of fire {unknown}
Wands
 y - a wand of flame (28/48)
Scrolls
 h - 2 scrolls of fear {unknown}
 k - 4 scrolls of identify {unknown}
 l - a scroll of fog {unknown}
 m - a scroll of enchant weapon {unknown}
 n - a scroll of recharging {unknown}
 o - a scroll of teleportation {unknown}
 r - a scroll of magic mapping {unknown}
 t - a scroll of random uselessness {unknown}
 w - a scroll of remove curse {unknown}
Potions
 d - 2 potions of might {unknown}
 e - 4 potions of curing
 i - a potion of agility {unknown}
Books
 b - a book of Frost

   Spells                             Type                      Level
   a - Freeze                         Ice                          1
   b - Throw Frost                    Conjuration/Ice              2
   c - Ozocubu's Armour               Charms/Ice                   3
   d - Throw Icicle                   Conjuration/Ice              4
   e - Summon Ice Beast               Ice/Summoning                4
Comestibles
 c - 8 bread rations
 s - a royal jelly


   Skills:
 - Level 1.5 Dodging
 - Level 2.4 Stealth
 - Level 3.1 Spellcasting
 + Level 2.2 Conjurations
 + Level 0.4 Charms
 + Level 3.8 Ice Magic


You had 3 spell levels left.
You knew the following spells:

 Your Spells              Type           Power        Failure   Level  Hunger
a - Freeze                Ice            ##..         4%          1    None
b - Throw Frost           Conj/Ice       ##....       10%         2    ##.....
c - Ozocubu's Armour      Chrm/Ice       #.......     28%         3    ###....


Dungeon Overview and Level Annotations

Branches:
Dungeon (4/15)
 Temple: D:4-7

Altars:


Innate Abilities, Weirdness & Mutations

You have extremely sharp teeth.
Your natural rate of healing is unusually fast.
When hurt, damage is shared between your health and your magic reserves.
Your bite disrupts and absorbs the magic of your enemies.
Potions and wands cannot restore your health.
You are immune to rotting.


Message History

The ogre is almost dead.
The ogre barely misses you.
There is a stone staircase leading up here.
Casting: Freeze
Confirm with . or Enter, or press ? or * to list all spells.
Aiming: Throw Frost
Press: ? - help, Shift-Dir - straight line, f/p - ogre
Aim: an ogre, wielding a giant club (severely wounded)
You miscast Throw Frost.
You are very lightly contaminated with residual magic.
Your hair stands on end.
Firing (i - inventory. (,) - cycle):
g - 64 stones (quivered)
Press: ? - help, Shift-Dir - straight line, f/p - ogre
Aim: an ogre, wielding a giant club (severely wounded)
You shoot a stone.
The stone hits the ogre but does no damage.
The ogre is severely wounded.
The ogre hits you with a giant club!!
Ouch! That really hurt!
You die...

## #. #.. #.#####.####
# #.....#....# #. ##
...#.#..#.# #....
.......O#.#.#..#.
#####...@#.#.# >O.###
.........#.#.# #.#<#.#
#####...#.#.# #.....#
........(.<#.#......#.#
########.#.#.##.....#.#
#....#.#......#.# #
#.#.......(..?... #
#############.## ...


You could see an ogre.

Vanquished Creatures
  4 adders
  3 giant cockroaches
  8 goblins
  7 hobgoblins
  2 jackals (D:1)
  4 kobolds
  A quokka (D:3)
  5 bats
  2 frilled lizards (D:2)
  6 rats
42 creatures vanquished.

Notes
Turn   | Place    | Note
-------+----------+-------------------------------------------
     0 | D:1      | Lochraine the Vine Stalker Ice Elementalist began the quest for the Orb.
     0 | D:1      | Reached XP level 1. HP: 9/9 MP: 4/4
   319 | D:1      | Reached XP level 2. HP: 13/13 MP: 2/6
   323 | D:1      | Learned a level 2 spell: Throw Frost
   863 | D:2      | Reached XP level 3. HP: 2/16 MP: 0/8
  1687 | D:2      | Gained mutation: Your natural rate of healing is unusually fast. [Vine Stalker growth]
  1687 | D:2      | Reached XP level 4. HP: 17/21 MP: 5/9
  1754 | D:3      | Learned a level 3 spell: Ozocubu's Armour
  2415 | D:4      | Noticed an ogre
  2540 | D:4      | Slain by an ogre

Vault maps used:
D:1:      dpeg_arrival_lava_temple_mockup, st_stairs_3
D:2:      first_bread
D:3:      kennysheep_generic_room_11
D:4:      serial_shops, nicolae_shop_temple_entry_statues_fountains

Skill      XL: |  1  2  3  4 |
---------------+-------------+-----
Spellcasting   | 3 |  3.1
Conjurations   | 2 |  2.2
Dodging        | |  1.5
Stealth        | |  2.4
Charms         | |  0.4
Ice Magic      | |  3.8

Action                   |  1- 3 |  4- 6 || total
-------------------------+-------+-------++-------
 Fire: Hunting sling     |    60 |    37 ||    97
 Cast: Freeze            |    20 |     8 ||    28
       Throw Frost       |     1 |     6 ||     7
  Use: Potion            |     1 |       ||     1
  Eat: Chunk             |     2 |     2 ||     4
Armor: Robe              |     8 |     1 ||     9
Dodge: Dodged            |    27 |     6 ||    33
